 Dungeon Crawl Stone Soup version 0.31-a0-233-g139696dc86 (webtiles) character file.

Game seed: 17174378055797515027

82 qw the Shooter (level 4, -6/36 HPs)
             Began as a Minotaur Hexslinger on July 8, 2023.
             Killed from afar by an orc wizard (11 damage)
             ... with a magic dart
             ... on level 3 of the Dungeon.
             The game lasted 00:00:41 (1313 turns).

qw the Shooter (Minotaur Hexslinger)                Turns: 1313, Time: 00:00:42

Health: -6/36      AC:  6    Str: 12    XL:     4   Next: 21%
Magic:  4/4        EV: 11    Int: 10    God:
Gold:   132        SH:  0    Dex: 15    Spells: 4/5 levels left

rFire   . . .        Y - +1 sling
rCold   . . .        (no shield)
rNeg    . . .        g - +0 ring mail
rPois   .            (helmet restricted)
rElec   .            d - +0 cloak
rCorr   .            (no gloves)
SInv    .            (no boots)
Will    .....        f - amulet of faith
Stlth   +            (no ring)
HPRegen 0.26/turn    (no ring)
MPRegen 0.09/turn

%: faith
@: no status effects
A: horns 2, retaliatory headbutt
a: no special abilities


You were on level 3 of the Dungeon.
You visited 1 branch of the dungeon, and saw 3 of its levels.

You collected 132 gold pieces.


Innate Abilities, Weirdness & Mutations

You have a pair of horns on your head.
You reflexively headbutt those who attack you in melee.


   Skills:
 - Level 2.0 Fighting
 + Level 4.4 Ranged Weapons
 - Level 1.4 Armour
 - Level 2.1 Dodging
 - Level 1.0 Spellcasting
 - Level 2.0 Hexes


You had 4 spell levels left.
You knew the following spells:

 Your Spells              Type           Power      Damage    Failure   Level
a - Slow                  Hex            16%        N/A       32%         1

Your spell library contained the following spells:

 Spells                   Type           Power      Damage    Failure   Level
 Inner Flame              Hex/Fire       2%         N/A       83%         3
 Portal Projectile        Hex/Tloc       4%         N/A       83%         3
 Cause Fear               Hex            2%         N/A       97%         4

Inventory:

Hand Weapons
 Y - a +1 sling (weapon)
Armour
 d - a +0 cloak (worn)
 g - a +0 ring mail (worn)
Jewellery
 f - an amulet of faith (around neck)
Scrolls
 a - a scroll of identify
 b - a scroll of teleportation
Potions
 c - a potion of enlightenment
 e - a potion of resistance {unknown}

Dungeon Overview and Level Annotations

Branches:
Dungeon (3/15)

Altars:


Message History

You furiously retaliate!
You headbutt the rat!
You kill the rat!
The orc closely misses you. You furiously retaliate!
You headbutt the orc.
You kill the orc!
You shoot a sling bullet. You shoot a sling bullet. You shoot a sling bullet.
You shoot a sling bullet. You shoot a sling bullet. You shoot a sling bullet.
You shoot a sling bullet. You shoot a sling bullet.
A magic dart appears from out of thin air!
The magic dart hits you.
You shoot a sling bullet. You shoot a sling bullet. Something hits you.
You shoot a sling bullet. Something hits you.
You shoot a sling bullet. Something hits you.
You shoot a sling bullet. Something hits you. x2
You shoot a sling bullet. Something barely misses you.
You shoot a sling bullet. Something hits you but does no damage.
You shoot a sling bullet. Something hits you but does no damage.
Something hits you.
You shoot a sling bullet.
You hear some strange, mumbled words.
A magic dart appears from out of thin air!
The magic dart hits you!
You shoot a sling bullet. Something hits you but does no damage.
You shoot a sling bullet.
You hear some strange, mumbled words.
A magic dart appears from out of thin air!
The magic dart hits you!
You die...

### #<#
#.# #.#
#@#
#....{).#
.....)...+
.........#
.........#
.........#
...[.....#
.........#


There were no monsters in sight!

Vanquished Creatures
  3 adders (D:2)
  A worm (D:2)
  2 orcs (D:3)
  5 endoplasms
  3 giant cockroaches
  3 hobgoblins
  4 jackals (D:1)
  2 quokkas
  2 ball pythons
  6 bats
  3 frilled lizards (D:1)
  3 goblins
  7 kobolds
  7 rats
51 creatures vanquished.

Notes
Turn   | Place    | Note
-------+----------+-------------------------------------------
     0 | D:1      | qw the Minotaur Hexslinger began the quest for the Orb.
     0 | D:1      | Reached XP level 1. HP: 16/16 MP: 1/1
     0 | D:1      | 0 ||| qw: Version: 0.3-a-46-gb1f654a
     0 | D:1      | 0 ||| qw: Game counter: 3423
     0 | D:1      | 0 ||| qw: Melee chars always use a shield: true
     0 | D:1      | 0 ||| qw: God list: Okawaru
     0 | D:1      | 0 ||| qw: Allow faded altars: false
     0 | D:1      | 0 ||| qw: Do Orc after clearing Dungeon:15 true
     0 | D:1      | 0 ||| qw: Do second Lair branch before Depths: true
     0 | D:1      | 0 ||| qw: Lair rune preference: random
     0 | D:1      | 0 ||| qw: Goals: Normal
     0 | D:1      | 0 ||| PLANNING D:1-11
   149 | D:1      | Found a faded altar of an unknown god.
   197 | D:1      | Reached skill level 3 in Ranged Weapons
   197 | D:1      | Reached XP level 2. HP: 18/23 MP: 2/2
   266 | D:1      | 266 ||| FLEEEEING.
   751 | D:1      | 751 ||| UPGRADING to +0 ring mail.
   761 | D:1      | 761 ||| DROPPING +0 robe.
   762 | D:1      | 762 ||| READING 2 scrolls labelled YMNE JIMAUSEAWK.
   763 | D:1      | 763 ||| READING scroll labelled NOACOMOUWAP.
   766 | D:1      | 766 ||| DROPPING scroll of poison.
   818 | D:2      | Reached XP level 3. HP: 29/29 MP: 3/3
   877 | D:2      | Reached skill level 4 in Ranged Weapons
  1056 | D:2      | Reached skill level 1 in Armour
  1102 | D:2      | Reached XP level 4. HP: 36/36 MP: 4/4
  1110 | D:2      | You fall into a shaft and drop 1 floor!
  1159 | D:3      | 1159 ||| UPGRADING to amulet of faith.
  1164 | D:3      | 1164 ||| READING scroll labelled WAARETTEAKK.
  1165 | D:3      | 1165 ||| DRINKING 2 black potions.
  1269 | D:2      | 1269 ||| UPGRADING to +0 cloak.
  1311 | D:3      | HP: 5/36 [something/magic dart (7)]
  1313 | D:3      | Killed from afar by an orc wizard

Levels and vault maps discovered:
D:1:      kennysheep_arrival_seaside, layout_loops_ring,
          ebering_ecumenical_altar_abandoned
D:2:      layout_rooms
D:3:      layout_basic, dk_noncrumbling_3

Skill      XL: |  1  2  3 |
---------------+----------+-----
Ranged Weapons | 3 4 |  4.4
Fighting       | 2 |  2.0
Armour         | 1 |  1.4
Dodging        | |  2.1
Spellcasting   | |  1.0
Hexes          | |  2.0

Action                     |  1- 3 |  4- 6 || total
---------------------------+-------+-------++-------
   Fire: Sling             |   132 |    48 ||   180
    Use: Scroll            |     2 |     1 ||     3
         Potion            |       |     1 ||     1
 Armour: Robe              |     5 |       ||     5
         Ring mail         |     8 |     8 ||    16
  Dodge: Dodged            |    45 |    11 ||    56

Table legend:
 A = Non-vault XP
 B = Vault XP
 C = Vault XP percentage of total XP
 D = Non-vault monster count
 E = Vault monster count
 F = Vault count percentage of total count
                 A         B        C        D         E       F
            +---------+---------+-------+---------+---------+-------
      Total |     118 |       0 |   0.0 |      51 |       0 |   0.0
            +---------+---------+-------+---------+---------+-------
        D:1 |      39 |       0 |   0.0 |      26 |       0 |   0.0
        D:2 |      65 |       0 |   0.0 |      18 |       0 |   0.0
        D:3 |      14 |       0 |   0.0 |       7 |       0 |   0.0
            +---------+---------+-------+---------+---------+-------
